 Dungeon Crawl Stone Soup version 0.26-b1-59-ge38874ec40 (webtiles) character file.

Game seed: 9327655104181611064

503421 teolandon225 the Executioner (level 24, -9/232 HPs)
             Began as a Minotaur Berserker on Jan 8, 2021.
             Was the Champion of Trog.
             Killed from afar by a frost giant (21 damage)
             ... with a bolt of cold
             ... on level 5 of the Vaults.
             The game lasted 02:47:11 (60978 turns).

teolandon225 the Executioner (Minotaur Berserker)  Turns: 60978, Time: 02:47:11

Health: -9/232     AC: 39    Str: 37    XL:     24   Next: 9%
Magic:  40/40      EV: 18    Int:  4    God:    Trog [******]
Gold:   2520       SH:  0    Dex: 10    Spells: 23/23 levels left

rFire    . . .     SeeInvis .   A - +2 battleaxe (vamp)
rCold    . . .     Faith    .   (shield currently unavailable)
rNeg     . . .     Spirit   .   D - +9 plate armour {rPois}
rPois    +         Reflect  .   (helmet restricted)
rElec    +         Harm     +   G - +2 cloak {Will+}
rCorr    +         Rampage  .   v - +1 pair of gloves
Will     ++++.                  P - +1 pair of boots of Hegun {Harm}
Stlth    +.........             e - amulet of Noteps {Acrobat rPois Slay+3}
HPRegen  0.48/turn              C - ring "Taonumia" {Wiz Will++ MP+9 Str+3 Stlth-}
MPRegen  0.27/turn              T - ring "Sixagogy" {*Contam rElec rCorr MP+9 Slay+5}

@: about to teleport, berserk cooldown, very slightly contaminated, slowed,
studying Armour, invisible, very slow
A: retaliatory headbutt, horns 2
}: 2/15 runes: barnacled, gossamer
a: Renounce Religion, Berserk, Trog's Hand, Brothers in Arms


You were on level 5 of the Vaults.
You worshipped Trog.
Trog was exalted by your worship.
You visited 7 branches of the dungeon, and saw 39 of its levels.
You visited the Abyss 1 time.
You also visited: Bailey and Ice Cave.

You collected 6086 gold pieces.
You spent 3566 gold pieces at shops.

Inventory:

Hand Weapons
 A - a +2 vampiric battleaxe (weapon)
Armour
 c - the +1 pair of boots of the Fiddle {rN+}
   (You acquired it on level 3 of the Elven Halls)

   It protects you from negative energy.
 r - a +1 crystal plate armour
 u - the -4 cloak "Naepha Liol" {rF+ rCorr}
   (You found it in an ice cave)

   It protects you from fire.
   It provides partial protection from all sources of acid and corrosion.
 v - a +1 pair of gloves (worn)
 D - a +9 plate armour of poison resistance (worn)
 G - a +2 cloak of willpower (worn)
 H - +0 ice dragon scales
 P - the +1 pair of boots of Hegun (worn) {Harm}
   (You found it on level 3 of the Vaults)

   It increases damage dealt and taken.
Jewellery
 e - the amulet of Noteps (around neck) {Acrobat rPois Slay+3}
   (You took it off a deep elf knight on level 3 of the Elven Halls)

   [amulet of the acrobat]

   It helps you evade while moving and waiting.
   It affects your accuracy and damage with ranged weapons and melee attacks
   (+3).
   It protects you from poison.
 o - a +4 ring of slaying
 w - an uncursed ring of resist corrosion
 C - the ring "Taonumia" (left hand) {Wiz Will++ MP+9 Str+3 Stlth-}
   (You found it on level 1 of the Shoals)

   [ring of wizardry]

   It improves your spell success rate.
   It affects your strength (+3).
   It affects your willpower, your defense against some magical effects.
   It affects your magic capacity (+9).
   It makes you less stealthy.
 T - the ring "Sixagogy" (right hand) {*Contam rElec rCorr MP+9 Slay+5}
   (You bought it in a shop on level 5 of the Dungeon)

   [ring of resist corrosion]

   It affects your accuracy and damage with ranged weapons and melee attacks
   (+5).
   It insulates you from electricity.
   It affects your magic capacity (+9).
   It causes magical contamination when unequipped.
   It provides partial protection from all sources of acid and corrosion.
 X - the ring of Rosof {rPois rF- rC+ Str+6}
   (You found it on level 12 of the Dungeon)

   [ring of strength]

   It affects your strength (+6).
   It makes you vulnerable to fire.
   It protects you from cold.
   It protects you from poison.
Wands
 l - a wand of acid (24)
 n - a wand of paralysis (29)
 s - a wand of random effects (89)
 y - a wand of enslavement (31)
 z - a wand of iceblast (27)
 B - a wand of digging (43)
 K - a wand of flame (90)
 M - a wand of polymorph (20)
 R - a wand of disintegration (49)
Scrolls
 b - 3 scrolls of holy word
 i - 13 scrolls of teleportation
 j - 6 scrolls of magic mapping
 k - 20 scrolls of remove curse
 q - 9 scrolls of fog
 x - 2 scrolls of fear
 E - a scroll of silence
 L - a scroll of identify
 W - 5 scrolls of blinking
Potions
 a - 6 potions of ambrosia
 d - 9 potions of lignification
 f - 9 potions of berserk rage
 g - 3 potions of might
 h - 8 potions of curing
 m - 4 potions of invisibility
 I - 5 potions of flight
 J - 3 potions of haste
 N - 3 potions of resistance
 Y - a potion of cancellation
Books
 p - a manual of Armour


   Skills:
 + Level 22.3 Fighting
 + Level 23.3 Axes
 + Level 22.5 Armour
 + Level 20.6 Dodging
 * Level 16.0 Stealth
 - Level 4.0 Shields


You had 23 spell levels left.
You didn't know any spells.
Your spell library was empty.

Dungeon Overview and Level Annotations

Branches:
Dungeon (15/15)            Temple (0/1) D:6            Lair (6/6) D:11
 Shoals (4/4) Lair:4       Spider (4/4) Lair:3        Slime (0/5) Lair:5
    Orc (2/2) D:12            Elf (3/3) Orc:2        Vaults (5/5) D:14
  Crypt (0/3) Vaults:3     Depths (0/5) D:15         Bailey (visited)
  IceCv (visited)

Altars:
Cheibriados
Dithmenos
Elyvilon
Fedhas
Gozag
Hepliaklqana
Kikubaaqudgha
Makhleb
Okawaru
Qazlal
Ru
Trog
Vehumet
Wu Jian
Xom
Yredelemnul
Zin
Beogh

Shops:
D:5 (=((?   D:7 (   D:14 *   Orc:1 }   Orc:2 [(*:=   Elf:1 *   Shoals:3 =

Portals:
Trove: D:13 (give +4 ice dragon scales)

Annotations:
D:3 exclusion: 2 downstairs
Lair:1 3 runed translucent doors, Sammaje's ghost, novice MiBe
Shoals:2 exclusion: tentacle segment
Spider:2 exclusion: downstairs
Vaults:3 exclusion: orange crystal statue


Innate Abilities, Weirdness & Mutations

You reflexively headbutt those who attack you in melee.
You have a pair of horns on your head.


Message History

An orc warrior comes into view. It is wielding a +0 short sword.
The white very ugly thing stings you.
* * * LOW HITPOINT WARNING * * *
The white very ugly thing freezes you!!!
* * * LOW HITPOINT WARNING * * *
Something touches you but does no damage.
The orc warrior misses you.
The shock serpent bites you but does no damage.
The stone giant hits you but does no damage.
Your iron troll closely misses the shock serpent.
Your iron troll claws the shock serpent!
The shock serpent's electric aura discharges, shocking your iron troll!
Your iron troll claws the shock serpent!!
The shock serpent dies!
Trog accepts your kill.
The air sparks with electricity, shocking your iron troll!
The frost giant points at you and mumbles some strange words.
The bolt of cold hits the white very ugly thing!
The white very ugly thing resists.
The bolt of cold hits you!!
You die...

# #....# .# ##.
#....# o.#
##..##....#...#
....Q#...(#....
.......po....
#######)....C..###
........).(C......
........T)uo......
........†@).<.....
........)C{<......
####.)†.......###
.........$.......
.............#....
.............#....
........#....# ...
........#....#
........#....#


You could see a frost giant, a white very ugly thing, 2 stone giants, a tengu
reaver, an orc knight, an ironbrand convoker, 2 orc warriors and a friendly iron
troll (summoned, berserk).

Vanquished Creatures
  Mennas (Vaults:3)
  3 ancient liches (Vaults:3)
  The ghost of SlowGraham the Acrobat, a legendary KoMo of Trog (Vaults:3)
  Saint Roka (Vaults:4)
  Margery (Vaults:3)
  A tentacled monstrosity (Vaults:5)
  An Ice Fiend (IceCv)
  A lich (Vaults:3)
  Asterion (Vaults:3)
  2 deep elf blademasters (Elf:3)
  2 titans (Vaults:5)
  2 deep elf master archers (Elf:3)
  A kraken (Shoals:2)
  Polyphemus (Shoals:3)
  3 sphinxes
  Kirke (D:12)
  A shadow dragon (Vaults:5)
  Donald (Spider:4)
  3 tengu reavers
  2 fire giants (Vaults:4)
  3 ghost moths (Spider:4)
  7 deep elf sorcerers
  The ghost of Teryn the Envoy of Void, a journeyman DsAK of Lugonu (Shoals:1)
  2 frost giants
  17 vault wardens
  3 emperor scorpions (Spider:4)
  Louise (D:15)
  5 very ugly things (Vaults:4)
  12 stone giants
  5 deep elf elementalists
  15 ironheart preservers
  8 deep elf demonologists
  Nessos (D:12)
  4 deep elf annihilators
  4 entropy weavers
  A dire elephant (Lair:6)
  The ghost of Oluanan the Fighter, a journeyman DsFi of Hepliaklqana (Lair:3)
  6 ettins
  A spark wasp (Spider:2)
  7 deep elf death magi
  4 merfolk javelineers
  7 merfolk impalers
  A spectral kraken (Shoals:1)
  10 yaktaur captains
  2 great orbs of eyes
  A fire dragon (D:15)
  Josephine (D:12)
  10 boulder beetles
  32 vault guards
  11 hydras
  7 centaur warriors
  2 ice dragons
  Erica (D:8)
  2 death knights
  6 merfolk avatars
  2 catoblepae
  9 ogre magi
  5 merfolk aquamancers
  4 satyrs
  28 two-headed ogres
  8 death scarabs (Spider:4)
  A tengu warrior (D:15)
  2 alligator snapping turtles
  15 death yaks
  26 dancing weapons
  2 deep troll shamans
  Sonja (Lair:2)
  3 deep troll earth magi
  A titan zombie (D:15)
  34 deep elf knights
  Nergalle (D:12)
  A spectral emperor scorpion (Spider:4)
  2 shadow wraiths
  5 hell knights
  3 skeletal warriors
  2 unseen horrors
  An iron troll (Vaults:4)
  12 deep trolls
  9 sea snakes
  A glowing orange brain (Vaults:4)
  4 wizards
  2 flayed ghosts (Vaults:4)
  15 deep elf archers
  A harpy (shapeshifter) (Vaults:4)
  Pikel (D:8)
  10 ironbrand convokers
  7 spectral wolf spiders (Spider:4)
  A wolf spider zombie (Spider:4)
  2 phantasmal warriors
  11 harpies
  23 orb spiders
  7 necromancers
  A lindwurm (Lair:3)
  13 orc knights
  63 deep elf magi
  13 manticores
  6 orc sorcerers
  14 fauns
  2 fire giant zombies
  2 sphinx skeletons
  36 ugly things
  42 wolf spiders
  3 moths of wrath (Spider:4)
  A salamander (shapeshifter) (Vaults:5)
  23 cyclopes
  A guardian serpent (shapeshifter) (Vaults:5)
  11 merfolk sirens
  4 black mambas
  14 elephants
  14 vault sentinels
  4 gargoyles
  7 water nymphs
  8 cane toads
  2 ice statues (IceCv)
  2 torpor snails
  9 rime drakes
  2 spectral redbacks (Spider:4)
  A spectral sea snake (Shoals:1)
  A yaktaur (shapeshifter) (D:14)
  7 komodo dragons
  An efreet (D:14)
  60 yaktaurs
  3 freezing wraiths
  14 demonic crawlers
  8 ice devils (IceCv)
  A silent spectre (Vaults:4)
  A tengu conjurer (D:13)
  A yaktaur skeleton (Vaults:3)
  An ancient zyme (Abyss:1)
  7 trolls
  An anaconda simulacrum (IceCv)
  45 jumping spiders
  6 polar bears
  A meliai (D:10)
  A sphinx simulacrum (Vaults:2)
  26 merfolk
  8 hornets
  2 spectral jumping spiders (Spider:4)
  15 slime creatures
  8 wind drakes
  A slime creature (shapeshifter) (Vaults:3)
  Grinder (D:6)
  3 spectral tarantellas (Spider:4)
  A raiju (shapeshifter) (Vaults:4)
  Prince Ribbit (D:6)
  4 tarantella zombies (Spider:4)
  A stone giant simulacrum (Vaults:3)
  2 jumping spider zombies (Spider:4)
  19 blink frogs
  2 air elementals
  11 snapping turtles
  18 water elementals
  A fire dragon skeleton (D:15)
  A shadow (D:14)
  102 redbacks
  An ettin skeleton (Vaults:3)
  A spriggan skeleton (D:15)
  A vampire (D:15)
  7 wraiths
  34 tarantellas
  A human (shapeshifter) (D:15)
  3 hogs (D:12)
  12 wyverns
  44 yaks
  12 basilisks
  A basilisk (shapeshifter) (Vaults:4)
  Eustachio (D:4)
  11 vampire mosquitoes
  4 fire elementals
  A steam dragon (D:8)
  Menkaure (D:6)
  2 spectral snapping turtles (Shoals:1)
  A soldier ant (shapeshifter) (D:13)
  9 wargs
  5 harpy simulacra (IceCv)
  A hydra simulacrum (IceCv)
  14 water moccasins
  A soldier ant (D:15)
  A hell hound (Lair:4)
  2 acid dragons (Vaults:1)
  2 iron troll simulacra (IceCv)
  A swamp drake (D:15)
  2 ice beasts
  2 black bears
  2 hornet zombies (Spider:4)
  44 orc warriors
  A phantom (D:7)
  27 centaurs
  An ettin simulacrum (IceCv)
  27 wolves
  14 ogres
  10 boggarts
  An elf skeleton (Vaults:3)
  2 lemures (D:8)
  23 bullfrogs
  4 earth elementals
  A glowing shapeshifter simulacrum (Vaults:2)
  A water moccasin zombie (D:5)
  A wyvern zombie (D:12)
  2 scorpions
  An orc simulacrum (Vaults:2)
  13 killer bees
  6 small abominations
  10 wights
  3 electric eels
  2 howler monkeys (D:5)
  5 centaur zombies
  2 bullfrog skeletons
  4 centaur skeletons
  11 hounds
  A jelly (shapeshifter) (Vaults:1)
  4 jellies
  25 orc priests
  2 iguanas
  Crazy Yiuf (D:2)
  21 orc wizards
  3 hell rats (Lair:4)
  Terence (D:3)
  11 worker ants
  2 hound zombies
  Robin (D:3)
  A worker ant zombie (D:9)
  4 gnolls
  A river rat (D:15)
  10 adders
  A howler monkey skeleton (D:4)
  2 shadow imps
  6 white imps
  3 ufetubi
  4 oozes (D:3)
  An adder skeleton (D:6)
  2 worms
  A dart slug (D:1)
  5 leopard geckos
  86 orcs
  7 bats
  4 giant cockroaches
  10 goblins
  12 hobgoblins
  6 jackals
  4 quokkas
  5 frilled lizards
  A jackal skeleton (D:4)
  A jackal zombie (D:4)
  7 kobolds
  A quokka skeleton (D:4)
  6 rats
  5 crawling corpses
  A plant (Shoals:2)
  A tentacle (Shoals:1)
1843 creatures vanquished.

Vanquished Creatures (collateral kills)
  A titan (Vaults:5)
  A tengu reaver (Vaults:5)
  A vault warden (Vaults:5)
  An ironheart preserver (Vaults:2)
  The ghost of ShutUppercut the Imperceptible, an adept SpEn of Kikubaaqudgha (Shoals:2)
  A deep elf demonologist (Elf:3)
  An ettin (Vaults:5)
  2 deep elf death magi (Elf:3)
  2 boulder beetles
  A hydra (Lair:2)
  2 dancing weapons (Elf:2)
  A catoblepas (Lair:6)
  A satyr (Shoals:4)
  5 two-headed ogres
  A shock serpent (shapeshifter) (Vaults:5)
  A death yak (Lair:6)
  An orc high priest (Elf:2)
  A small abomination (Elf:3)
  A hell knight (Vaults:5)
  3 deep elf knights
  A skeletal warrior (D:15)
  2 sea snakes (Shoals:2)
  4 deep trolls
  A large abomination (Elf:3)
  7 deep elf magi
  An orc sorcerer (Vaults:5)
  3 orb spiders
  An orb spider (shapeshifter) (Elf:2)
  A slime creature (Vaults:2)
  A centaur skeleton (D:14)
  A cane toad (Lair:2)
  A spectral sea snake (Shoals:1)
  A demonic crawler (Spider:3)
  A yaktaur (Vaults:4)
  A hornet (Spider:3)
  A merfolk (Shoals:4)
  A spectral tarantella (Spider:4)
  2 snapping turtles
  2 yaks (Lair:2)
  2 water elementals (Shoals:2)
  2 hogs (D:12)
  A basilisk (shapeshifter) (Elf:3)
  A warg (Elf:2)
  2 orc warriors (Elf:2)
  2 ogres (Vaults:4)
  A boggart (Vaults:2)
  A wolf (Lair:6)
  2 bullfrogs
  An earth elemental (Elf:2)
  A worker ant (D:14)
  3 tentacles
81 creatures vanquished.

Vanquished Creatures (others)
  A deep elf high priest (Elf:3)
  A merfolk impaler (Shoals:2)
  A death knight (Vaults:5)
  A merfolk aquamancer (Shoals:4)
  An unseen horror (D:15)
  A deep elf mage (Elf:1)
  2 moths of wrath (Vaults:4)
  A yaktaur (Vaults:2)
  A spectral tarantella (Spider:4)
  An ooze (D:2)
  26 fungi
  95 plants
  21 tentacles
  5 withered plants (D:15)
158 creatures vanquished.

Grand Total: 2082 creatures vanquished

Notes
Turn   | Place    | Note
-------+----------+-------------------------------------------
     0 | D:1      | teolandon225 the Minotaur Berserker began the quest for the
                  | Orb.
     0 | D:1      | Reached XP level 1. HP: 19/19 MP: 0/0
   232 | D:1      | Reached XP level 2. HP: 27/27 MP: 1/1
   369 | D:1      | Reached skill level 4 in Axes
   926 | D:2      | Found an iron altar of Okawaru.
  1068 | D:2      | You fall into a shaft and drop 2 floors!
  1072 | D:4      | Reached XP level 3. HP: 33/33 MP: 2/2
  1081 | D:4      | Noticed Eustachio
  1264 | D:3      | Reached ** piety under Trog
  1270 | D:3      | Reached XP level 4. HP: 40/40 MP: 3/3
  1505 | D:2      | Found a stormy altar of Qazlal.
  1613 | D:2      | Found a runed translucent door.
  1614 | D:2      | Noticed Crazy Yiuf
  1717 | D:2      | Reached skill level 5 in Axes
  1818 | D:2      | Found a white marble altar of Elyvilon.
  1876 | D:2      | Killed Crazy Yiuf
  2142 | D:3      | Reached XP level 5. HP: 47/47 MP: 4/4
  2250 | D:3      | Noticed Robin
  2266 | D:3      | Killed Robin
  2469 | D:3      | Found a shimmering altar of Xom.
  2592 | D:3      | Noticed Terence
  2603 | D:3      | Killed Terence
  2720 | D:3      | Reached XP level 6. HP: 51/55 MP: 5/5
  3247 | D:4      | Reached skill level 6 in Axes
  3331 | D:4      | Killed Eustachio
  3332 | D:4      | Reached skill level 5 in Fighting
  3459 | D:4      | Reached XP level 7. HP: 61/61 MP: 6/6
  4064 | D:4      | Reached skill level 7 in Axes
  4343 | D:5      | Entered Level 5 of the Dungeon
  4441 | D:5      | Found Ruful's Weapon Shoppe.
  4446 | D:5      | Bought a +0 war axe for 35 gold pieces
  4473 | D:5      | Found Caliri's Antique Weapon Shop.
  4481 | D:5      | Bought a runed war axe for 123 gold pieces
  4490 | D:5      | Reached *** piety under Trog
  4545 | D:5      | Found Vihoept's Weapon Shop.
  4545 | D:5      | Found Igishruso's Magic Scroll Shoppe.
  4564 | D:5      | Reached skill level 5 in Armour
  4643 | D:5      | Found a burning altar of Makhleb.
  4696 | D:5      | Found an ancient bone altar of Kikubaaqudgha.
  4710 | D:5      | Found Equic's Jewellery Emporium.
  5124 | D:5      | Reached skill level 8 in Axes
  5124 | D:5      | Reached XP level 8. HP: 70/70 MP: 7/7
  5240 | D:6      | Found a staircase to the Ecumenical Temple.
  5243 | D:6      | Reached skill level 5 in Dodging
  5264 | D:6      | Noticed Menkaure
  5269 | D:6      | Killed Menkaure
  5531 | D:6      | Noticed Prince Ribbit
  5539 | D:6      | Killed Prince Ribbit
  5655 | D:6      | Reached skill level 9 in Axes
  5849 | D:6      | Found a hazy altar of Hepliaklqana.
  5942 | D:6      | Found a blossoming altar of Fedhas.
  6153 | D:6      | Noticed Grinder
  6161 | D:6      | Killed Grinder
  6162 | D:6      | Reached XP level 9. HP: 79/79 MP: 8/8
  6407 | D:7      | Reached skill level 10 in Axes
  6578 | D:7      | Found a burning altar of Makhleb.
  6635 | D:7      | Reached **** piety under Trog
  6966 | D:7      | Found an opulent altar of Gozag.
  7338 | D:7      | Found Ysaethuu's Antique Weapon Shop.
  7340 | D:7      | Found an ornate altar of the Wu Jian Council.
  7484 | D:8      | Noticed Pikel
  7495 | D:8      | Killed Pikel
  7496 | D:8      | Reached skill level 11 in Axes
  7517 | D:8      | Noticed Erica
  7799 | D:8      | Killed Erica
  7800 | D:8      | Reached XP level 10. HP: 90/90 MP: 9/9
  8251 | D:9      | Found a flagged portal.
  8299 | Bailey   | Entered a bailey
  8383 | Bailey   | Reached skill level 12 in Axes
  8542 | D:9      | Found a glowing silver altar of Zin.
  8543 | D:9      | Found a snail-covered altar of Cheibriados.
  8543 | D:9      | Found a shadowy altar of Dithmenos.
  8544 | D:9      | Found a radiant altar of Vehumet.
  8835 | D:9      | Reached ***** piety under Trog
  9386 | D:10     | Entered Level 10 of the Dungeon
  9611 | D:10     | Got a fading chain mail
  9622 | D:10     | Identified the +2 chain mail "Suarom" {Str+3 Int+3} (You
                  | found it on level 10 of the Dungeon)
  9804 | D:10     | Received a gift from Trog
  9805 | D:10     | Reached skill level 13 in Axes
  9805 | D:10     | Reached XP level 11. HP: 91/99 MP: 10/10
  9942 | D:10     | Noticed a two-headed ogre
  9947 | D:10     | Killed a two-headed ogre
  9948 | D:10     | Reached skill level 10 in Fighting
 10561 | D:11     | Reached skill level 10 in Armour
 10881 | D:11     | Reached skill level 14 in Axes
 11269 | D:11     | Found a staircase to the Lair.
 11416 | Lair:1   | Entered Level 1 of the Lair of Beasts
 11619 | Lair:1   | Noticed an eight-headed hydra
 11626 | Lair:1   | Killed a 13-headed hydra
 11736 | Lair:1   | Found a runed translucent gate.
 11737 | Lair:1   | Found a runed translucent gate.
 11781 | Lair:1   | Reached XP level 12. HP: 90/110 MP: 11/11
 11784 | Lair:1   | Reached skill level 10 in Dodging
 12112 | Lair:1   | Found a runed translucent gate.
 12112 | Lair:1   | Noticed a minotaur
 12112 | Lair:1   | Noticed Sammaje's ghost (novice MiBe)
 12930 | Lair:2   | Noticed a four-headed hydra
 12935 | Lair:2   | Killed a four-headed hydra
 13040 | Lair:2   | Reached skill level 15 in Axes
 13113 | Lair:2   | Identified the Catalogue of Noxious Clay
 13125 | Lair:2   | Received a gift from Trog
 13142 | Lair:2   | Noticed an eight-headed hydra
 13143 | Lair:2   | Noticed a seven-headed hydra
 13148 | Lair:2   | Killed a ten-headed hydra
 13153 | Lair:2   | Killed a ten-headed hydra
 13224 | Lair:2   | Noticed Sonja
 13243 | Lair:2   | Cast into level 1 of the Abyss (Sonja)
 13243 | Abyss:1  | Found a corrupted altar of Lugonu.
 13325 | Lair:2   | Escaped the Abyss
 13351 | Lair:2   | Killed Sonja
 14091 | D:5      | Bought the ring "Sixagogy" {*Contam rElec rCorr MP+9
                  | Slay+5} for 887 gold pieces
 14541 | Lair:3   | Found a hole to the Spider Nest.
 14878 | Lair:3   | Reached skill level 16 in Axes
 14999 | Lair:3   | Found a runed translucent door.
 14999 | Lair:3   | Found a shimmering altar of Xom.
 14999 | Lair:3   | Noticed Oluanan's ghost (journeyman DsFi)
 14999 | Lair:3   | Identified the cursed +1 halberd "Orb Guardian's Regret"
                  | {chaos, Int+4}
 15013 | Lair:3   | Killed Oluanan's ghost
 15148 | Lair:3   | Noticed a death yak
 15148 | Lair:3   | Noticed a death yak
 15151 | Lair:3   | Noticed a death yak
 15154 | Lair:3   | Killed a death yak
 15155 | Lair:3   | Reached XP level 13. HP: 118/118 MP: 12/12
 16350 | Lair:4   | Found a staircase to the Shoals.
 17431 | Lair:5   | Found a staircase to the Slime Pits.
 18235 | Lair:6   | Entered Level 6 of the Lair of Beasts
 18565 | Lair:5   | Reached XP level 14. HP: 121/132 MP: 13/13
 19786 | D:12     | Noticed Josephine
 19792 | D:12     | Killed Josephine
 19793 | D:12     | Reached skill level 15 in Fighting
 19853 | D:12     | Noticed Nessos
 19861 | D:12     | Killed Nessos
 19980 | D:12     | Found a staircase to the Orcish Mines.
 20175 | D:12     | Got a sparkling platinum ring
 20176 | D:12     | Identified the ring of Rosof {rPois rF- rC+ Str+6} (You
                  | found it on level 12 of the Dungeon)
 20197 | D:12     | Noticed Nergalle
 20208 | D:12     | Killed Nergalle
 20209 | D:12     | Reached skill level 15 in Armour
 20294 | D:12     | Found a burning altar of Makhleb.
 20334 | D:12     | Noticed Kirke
 20344 | D:12     | Killed Kirke
 21620 | D:13     | Found a portal to a secret trove of treasure.
 22261 | D:14     | Reached XP level 15. HP: 143/143 MP: 14/14
 22312 | D:14     | Found a gate to the Vaults.
 22653 | D:14     | Found Ybuamuh's Pet Rocks.
 22729 | D:14     | Found a sacrificial altar of Ru.
 23173 | D:15     | Entered Level 15 of the Dungeon
 23422 | D:15     | Reached skill level 15 in Dodging
 23595 | D:15     | Noticed Louise
 23616 | D:15     | Found a staircase to the Depths.
 23630 | D:15     | Killed Louise
 23783 | D:15     | Found the +3 salamander hide armour {Flames rF++ rC--}
 24305 | D:15     | Found a runed translucent door.
 25186 | Orc:1    | Entered Level 1 of the Orcish Mines
 25186 | Orc:1    | Found a roughly hewn altar of Beogh.
 25444 | Orc:1    | Found a roughly hewn altar of Beogh.
 25511 | Orc:1    | Found Wisoetatt's Gadget Shoppe.
 26113 | Orc:2    | Entered Level 2 of the Orcish Mines
 26135 | Orc:2    | Found Fefitapt's Antique Armour Shop.
 26397 | Orc:2    | Bought a shiny chain mail for 270 gold pieces
 26414 | Orc:2    | Found a staircase to the Elven Halls.
 26426 | Orc:2    | Found Kyemeher's Antique Weapon Shoppe.
 26568 | Orc:2    | Found Xoxuw's General Store.
 26575 | Orc:2    | Reached ****** piety under Trog
 26576 | Orc:2    | Reached XP level 16. HP: 119/155 MP: 15/15
 26768 | Orc:2    | Bought a scroll of teleportation for 39 gold pieces
 26784 | Orc:2    | Found Ybeatoag's Book Boutique.
 26855 | Orc:2    | Found Modi Opt's Jewellery Shoppe.
 27398 | Orc:2    | Received a gift from Trog
 28202 | D:14     | Bought a wand of digging (7) for 330 gold pieces
 28377 | Orc:2    | Bought the amulet "Yrphumir" {RegenMP rElec rPois Str+2}
                  | for 890 gold pieces
 28608 | Spider:1 | Entered Level 1 of the Spider Nest
 28616 | Spider:1 | Found a frozen archway.
 28764 | IceCv    | Entered an ice cave
 29325 | IceCv    | Noticed an Ice Fiend
 29332 | IceCv    | Killed an Ice Fiend
 29605 | IceCv    | Got a slimy cloak
 29610 | IceCv    | Identified the -4 cloak "Naepha Liol" {rF+ rCorr} (You
                  | found it in an ice cave)
 31148 | Spider:2 | Reached skill level 17 in Axes
 32737 | Spider:2 | Got a brightly glowing ring mail
 33519 | Spider:3 | Received a gift from Trog
 33545 | Spider:3 | Reached XP level 17. HP: 79/163 MP: 16/16
 35100 | Spider:3 | Reached skill level 18 in Axes
 35117 | Spider:3 | Identified the +3 ring mail "Opotacw" {Harm} (You found it
                  | on level 2 of the Spider Nest)
 35233 | Spider:4 | Entered Level 4 of the Spider Nest
 36602 | Spider:4 | Noticed Donald
 36606 | Spider:4 | Received a gift from Trog
 37121 | Spider:4 | Killed Donald
 38557 | Spider:4 | Reached skill level 19 in Axes
 39098 | Spider:4 | Reached XP level 18. HP: 134/174 MP: 17/17
 39120 | Spider:4 | Got a gossamer rune of Zot
 39385 | Shoals:1 | Entered Level 1 of the Shoals
 39627 | Shoals:1 | Found a transporter.
 39629 | Shoals:1 | Found a transporter.
 40293 | Shoals:1 | Noticed Teryn's ghost (journeyman DsAK)
 40731 | Shoals:1 | Killed Teryn's ghost
 40787 | Shoals:1 | Got a scintillating copper ring
 40787 | Shoals:1 | Identified the ring "Taonumia" {Wiz Will++ MP+9 Str+3
                  | Stlth-} (You found it on level 1 of the Shoals)
 40793 | Shoals:1 | Got a pitted lapis lazuli ring
 40795 | Shoals:1 | Identified the ring "Vukeonum" {Will- Dex+6 Stlth-} (You
                  | found it on level 1 of the Shoals)
 41070 | Shoals:2 | Found a transporter.
 41070 | Shoals:2 | Found a transporter.
 41079 | Shoals:2 | Noticed ShutUppercut's ghost (adept SpEn)
 41080 | Shoals:2 | You fall into a shaft and drop 1 floor!
 41119 | Shoals:3 | Found Yraog's Jewellery Shop.
 42414 | Shoals:2 | Killed ShutUppercut's ghost
 42545 | Shoals:2 | Got a vibrating copper ring
 42548 | Shoals:2 | Identified the ring "Etoobb" {+Blink +Fly Int-2 Dex+3 SInv}
                  | (You found it on level 2 of the Shoals)
 42551 | Shoals:2 | Got a pitted lead ring
 42551 | Shoals:2 | Identified the ring of Nysegh {Int+7 SInv Stlth-} (You
                  | found it on level 2 of the Shoals)
 42738 | Shoals:3 | Identified a scroll of acquirement
 42768 | Shoals:3 | Reached skill level 20 in Axes
 43015 | Shoals:3 | Acquired the +1 buckler of Midsummer {rPois rCorr Str+6
                  | SInv Stlth-}
 43160 | Shoals:3 | Reached skill level 1 in Shields
 43805 | Shoals:3 | Noticed Polyphemus
 43820 | Shoals:3 | Killed Polyphemus
 43974 | Shoals:4 | Entered Level 4 of the Shoals
 44605 | Shoals:4 | Received a gift from Trog
 44663 | Shoals:4 | Reached skill level 1 in Stealth
 45325 | Shoals:4 | Reached XP level 19. HP: 183/183 MP: 18/18
 45642 | Shoals:4 | Got a barnacled rune of Zot
 46403 | Elf:1    | Entered Level 1 of the Elven Halls
 46478 | Elf:1    | Reached skill level 5 in Stealth
 46721 | Elf:1    | Received a gift from Trog
 47014 | Elf:1    | Reached skill level 21 in Axes
 47014 | Elf:1    | Reached XP level 20. HP: 180/193 MP: 19/19
 47016 | Elf:1    | Got a pitted broad axe {god gift}
 47016 | Elf:1    | Identified the +5 broad axe of Beetle's Foe {vorpal, Dex+3}
                  | (Trog gifted it to you on level 1 of the Elven Halls)
 47440 | Elf:1    | Found Boducs's Assorted Antiques.
 48420 | Elf:2    | Found a runed translucent gate.
 48422 | Elf:2    | Found a runed translucent gate.
 48425 | Elf:2    | Found a runed translucent gate.
 49181 | Elf:2    | Received a gift from Trog
 49751 | D:5      | Bought a scroll of enchant weapon for 105 gold pieces
 50023 | Elf:3    | Entered Level 3 of the Elven Halls
 50275 | Elf:1    | Bought a scroll of magic mapping for 80 gold pieces
 50275 | Elf:1    | Bought a glowing plate armour for 598 gold pieces
 50275 | Elf:1    | Bought a scroll of teleportation for 69 gold pieces
 50363 | Elf:3    | Reached skill level 10 in Stealth
 51583 | Elf:3    | Identified the +5 morningstar of Lies {vorpal, Int+2}
 51586 | Elf:3    | Identified the cursed +0 scale mail of Lust {MP+9 Int+4
                  | SInv}
 51587 | Elf:3    | Reached XP level 21. HP: 121/201 MP: 20/20
 51590 | Elf:3    | Identified the amulet of Noteps {Acrobat rPois Slay+3}
 53194 | Elf:3    | Acquired the +1 pair of boots of the Fiddle {rN+}
 53322 | Elf:3    | Identified the +2 scale mail of Kindness {Stlth+} (You
                  | found it on level 3 of the Elven Halls)
 53325 | Elf:3    | Identified the +4 scale mail of Qaahaf {Int+2} (You found
                  | it on level 3 of the Elven Halls)
 53665 | Vaults:1 | Entered Level 1 of the Vaults
 53835 | Vaults:1 | Received a gift from Trog
 55079 | Vaults:2 | Reached skill level 22 in Axes
 55611 | Vaults:2 | Received a gift from Trog
 55814 | Vaults:2 | Reached XP level 22. HP: 203/211 MP: 21/21
 55867 | Vaults:2 | Received a gift from Trog
 55890 | Vaults:2 | Identified the +10 battleaxe of Heresy {flame, *Drain rC+
                  | Dex+5 SInv} (Trog gifted it to you on level 2 of the
                  | Vaults)
 56564 | Vaults:3 | Noticed Asterion
 56582 | Vaults:3 | Killed Asterion
 56659 | Vaults:3 | Found a staircase to the Crypt.
 56659 | Vaults:3 | Found an ancient bone altar of Kikubaaqudgha.
 56660 | Vaults:3 | Found a basalt altar of Yredelemnul.
 57200 | Vaults:3 | Noticed Mennas
 57224 | Vaults:3 | Killed Mennas
 57511 | Vaults:3 | Received a gift from Trog
 57619 | Vaults:3 | Found a runed translucent gate.
 57619 | Vaults:3 | Noticed an ancient lich
 57620 | Vaults:3 | Found a runed translucent gate.
 57620 | Vaults:3 | Found an ancient bone altar of Kikubaaqudgha.
 57620 | Vaults:3 | Found a runed translucent gate.
 57620 | Vaults:3 | Noticed SlowGraham's ghost (legendary KoMo)
 57620 | Vaults:3 | Noticed an ancient lich
 57620 | Vaults:3 | Noticed an ancient lich
 57630 | Vaults:3 | Killed an ancient lich
 57631 | Vaults:3 | Killed an ancient lich
 57645 | Vaults:3 | Killed an ancient lich
 57656 | Vaults:3 | Killed SlowGraham's ghost
 57698 | Vaults:3 | Got a clouded bone amulet
 57711 | Vaults:3 | Identified the amulet "Kiminasatz" {rN+ Regen+} (You found
                  | it on level 3 of the Vaults)
 57727 | Vaults:3 | Got a pair of twisted boots
 57737 | Vaults:3 | Identified the +1 pair of boots of Hegun {Harm} (You found
                  | it on level 3 of the Vaults)
 58048 | Vaults:3 | Noticed Margery
 58060 | Vaults:3 | Killed Margery
 58396 | Vaults:4 | Reached XP level 23. HP: 221/221 MP: 22/22
 58561 | Vaults:4 | Received a gift from Trog
 58848 | Vaults:4 | Reached skill level 15 in Stealth
 58909 | Vaults:4 | Received a gift from Trog
 59123 | Vaults:4 | Found a transporter.
 59244 | Vaults:4 | Found a transporter.
 59244 | Vaults:4 | Found a runed translucent door.
 59244 | Vaults:4 | Found a bloodstained altar of Trog.
 59245 | Vaults:4 | Found the +8 Wrath of Trog {antimagic, *Rage}
 59266 | Vaults:4 | Reached skill level 23 in Axes
 59317 | Vaults:4 | Got a tattered robe
 59323 | Vaults:4 | Got a steaming broad axe
 59514 | Vaults:4 | Noticed Saint Roka
 59527 | Vaults:4 | Killed Saint Roka
 60429 | D:5      | Bought a scroll of identify for 28 gold pieces
 60429 | D:5      | Bought a scroll of identify for 28 gold pieces
 60429 | D:5      | Bought a scroll of identify for 28 gold pieces
 60429 | D:5      | Bought a scroll of identify for 28 gold pieces
 60429 | D:5      | Bought a scroll of identify for 28 gold pieces
 60429 | D:5      | Identified the +1 broad axe "Zasmaonn" {elec, rF+ Str+4
                  | Dex+3} (You found it on level 4 of the Vaults)
 60433 | D:5      | Identified the +2 robe of Creativity {Str+4 Dex+2} (You
                  | found it on level 4 of the Vaults)
 60746 | Vaults:5 | Entered Level 5 of the Vaults
 60773 | Vaults:4 | Received a gift from Trog
 60962 | Vaults:5 | Noticed an ancient lich
 60972 | Vaults:5 | Reached XP level 24. HP: 212/232 MP: 22/22
 60978 | Vaults:5 | Killed from afar by a frost giant

Illustrated notes

Levels and vault maps discovered:
D:1:      roderic_octagonal_star, layout_loops_ring, kennysheep_minor_cross,
          corexii_hall_statues_l, dk_noncrumbling_4, grunt_decor_one_mirror
D:2:      layout_basic, okawaru_ov_weapons_minmay, marbit_many_paths,
          grunt_qazlal_clouds, minmay_misc_feat_doors, uniq_crazy_yiuf_cottage
D:3:      layout_basic, nicolae_overflow_crystal_walls, uniq_terence, uniq_robin
D:4:      layout_layer_cave, serial_park_tiny_1, nicolae_zen_rock_garden,
          uniq_eustachio
D:5:      layout_gridville, kennysheep_mini_moat, overflow_temple_1_default,
          serial_shops, kennysheep_little_box, nicolae_shop_statue_plus, shop,
          shop, shop
D:6:      layout_loops_cross, nzn_hepliaklqana_mist_gate,
          minmay_temple_entry_hall, fedhas_ov_isle_minmay, uniq_prince_ribbit1,
          uniq_grinder, uniq_menkaure
D:7:      layout_basic, nicolae_gozag_seed_capital,
          pdpol_wu_jian_five_deadly_venoms, serial_shops, shop, bloody_makhleb
D:8:      layout_loops_ring, uniq_pikel, uniq_erica
D:9:      layout_cave_pods, chequers_temple_overflow_statue_of_worship,
          enter_bailey_6
D:10:     minmay_tri_box, layout_basic
D:11:     layout_cave_pools, lair_entry_dummy, minmay_crystal_water
D:12:     layout_stronghold, david_orc_1_choice, basic_altar, uniq_nessos,
          uniq_kirke, uniq_josephine, uniq_nergalle
D:13:     layout_gridville, nicolae_trove_entry_diagonal
D:14:     layout_basic, skrybe_vaults_entry_preservation,
          nicolae_ru_path_of_blood, guppyfry_shop_earth
D:15:     gammafunk_depths_entry_grave, layout_long_grid,
          serial_co_window_serial, co_window_of_opportunity_a,
          co_window_corner_a, co_window_paths_a, co_window_paths_b,
          co_window_corner_a, co_window_paths_a, co_window_paths_a,
          co_window_of_opportunity_c, co_window_corner_b,
          co_window_unsneaky_path_a, co_window_corner_b,
          co_window_unsneaky_path_b, co_window_cross_2, serial_bayou_pond_a,
          minmay_st_funbox, minmay_crystal_room, pond, uniq_louise
Lair:1:   layout_layer_cave, maelrawn_ghost_gauntlet_escape,
          cheibrodos_lair_reptile_den
Lair:2:   layout_small_grid, uniq_sonja
Lair:3:   layout_cave_pods, spider_nest_entry_web_field, ebering_ghost_xom,
          serial_bayou_pond_c
Lair:4:   layout_gridlike, minmay_shoals_entry_lonely_mermaid, special_room
          [special_room_mythical_zoo], serial_rivers,
          chequers_serial_rivers_micro_c, chequers_serial_rivers_large_a,
          chequers_serial_rivers_room_a, chequers_serial_rivers_room_b
Lair:5:   layout_gridlike, slime_dummy, minmay_stone_trees_large
Lair:6:   grunt_lair_end_beastmaster, layout_regular_city, serial_bayou_pond_b
Shoals:1: layout_shoals, ebering_ghost_davey_jones, nicolae_shoals_so_close
Shoals:2: layout_shoals, ebering_ghost_davey_jones, abandoned_shop,
          nicolae_shoals_seven_spires
Shoals:3: layout_shoals, serial_shops, nicolae_shop_behind_doors,
          nicolae_shoals_loop_pool, uniq_polyphemus
Shoals:4: shoals_end_grunt_ice, layout_shoals,
          nicolae_shoals_stone_sculpture_thing
Spider:1: layout_spider_delve, portal_ice_cave_entry_pillars_1, drop_trap
Spider:2: layout_spider_delve, nicolae_spider_nook, nicolae_spider_cling_ruins
Spider:3: layout_spider_delve, hangedman_spider_tarantella_strand
Spider:4: floodkiller_spider_rune_tomb, guppyfry_spider_mini_3, uniq_donald
Orc:1:    nicolae_orc_accident_2, layout_diamond_mine, serial_shops, shop,
          special_room [special_room_kobold], basic_altar
Orc:2:    grunt_orc_gardens, layout_caves, grunt_orc_garden, grunt_orc_garden,
          grunt_orc_garden, grunt_orc_garden, serial_shops, shop,
          nicolae_orc_damp_corner
Elf:1:    layout_onion_city, serial_shops, nicolae_shop_trees,
          hangedman_elf_disciples, einodemon_crawler_minivault
Elf:2:    layout_loops_corners, hangedman_elf_power_crystal, st_stairs_7,
          minivault_23
Elf:3:    elf_hall, layout_gridlike, amcnicky_mini_corridor_feature,
          grunt_megastairs_1
Vaults:1: v_misc_17, nicolae_vaults_little_squares_3, nicolae_vaults_big_ls,
          grunt_vaults_hallway_short, ontoclasm_vaults_pinch,
          vaults_room_door_hall, ontoclasm_vaults_gateway,
          nicolae_vaults_little_squares_2, vaults_dpeg_ring,
          nicolae_vaults_little_squares_6, vaults_room_semicircle, v_misc_27,
          nicolae_vaults_three_branches, nicolae_vaults_ring_of_whatevers,
          nicolae_vaults_ring_of_whatevers, layout_vaults_maze_snakey
Vaults:2: v_misc_16, hangedman_vaults_corner_blocks, v_misc_26,
          nicolae_vaults_network_quinsquares
          [nicolae_vaults_network_quincunx_subvault,
          nicolae_vaults_network_quincunx_subvault,
          nicolae_vaults_network_quincunx_subvault,
          nicolae_vaults_network_quincunx_subvault],
          nicolae_vaults_windows_and_doors_thing, nicolae_vaults_network_s,
          grunt_vaults_focal, v_misc_1, nicolae_vaults_arrows,
          vaults_room_hallway, nicolae_vaults_circle_grid_a,
          layout_vaults_omnibox
Vaults:3: gammafunk_vaults_ghost_crypt, minmay_crypt_entry_necro_gods,
          ontoclasm_vaults_chip, v_misc_28, hangedman_vaults_pinch,
          nicolae_vaults_network_square, v_alt_pattern_3,
          ontoclasm_vaults_idyll, v_rooms_1, ontoclasm_vaults_misaligned,
          nicolae_vaults_little_squares_6, v_misc_1, ontoclasm_vaults_ligature,
          layout_vaults_ring, serial_shops, statue_bzr, uniq_margery,
          uniq_mennas, uniq_asterion
Vaults:4: emtedronai_trogs_sanctum, nicolae_vaults_shelves_hall,
          vaults_mumra_lcd, v_misc_28, nicolae_vaults_triangles, serial_ice_h,
          v_misc_29, vaults_standard_mumra_enter_the_diamond,
          nicolae_vaults_diagonal_hallway_6, grunt_vaults_funnel,
          nicolae_vaults_rhombus_5, vaults_mumra_hex, layout_vaults_big_cross,
          uniq_saint_roka
Vaults:5: serial_shops

Skill      XL: |  1  2  3  4  5  6  7  8  9 10 11 12 13 14 15 16 17 18 19 20 21 22 23 24 |
---------------+-------------------------------------------------------------------------+-----
Axes           | 4 5 6 8 9 11 13 14 16 17 19 20 21 22 23 | 23.3
Fighting       | 4 5 6 7 8 9 11 12 14 15 17 18 19 20 21 22 | 22.3
Armour         | 3 4 5 6 8 9 10 12 13 15 17 18 19 20 21 22 | 22.5
Dodging        | 3 4 6 7 8 9 11 12 14 15 16 17 18 19 20 | 20.6
Shields        | 4 |  4.0
Stealth        | 3 6 10 12 14 15 16 | 16.0

Action                   |  1- 3 |  4- 6 |  7- 9 | 10-12 | 13-15 | 16-18 | 19-21 | 22-24 || total
-------------------------+-------+-------+-------+-------+-------+-------+-------+-------++-------
Melee: Hand axe          |    56 |   117 |    33 |       |       |       |       |       ||   206
       Headbutt          |     7 |    22 |    26 |    70 |   187 |   286 |   259 |   173 ||  1030
       War axe           |       |       |   115 |   265 |       |   425 |       |       ||   805
       Battleaxe         |       |       |       |    49 |   619 |    65 |   875 |   593 ||  2201
       Executioner's axe |       |       |       |       |       |     3 |       |       ||     3
       Broad axe         |       |       |       |       |       |   569 |       |       ||   569
Invok: Berserk           |     2 |     5 |     8 |    16 |    24 |    23 |    19 |     9 ||   106
       Trog's Hand       |       |     2 |     3 |     3 |    11 |     8 |    16 |     7 ||    50
       Brothers in Arms  |       |       |     1 |     3 |     9 |    10 |    17 |     7 ||    47
  Use: Scroll            |     3 |     5 |     4 |     8 |    18 |    25 |    13 |     7 ||    83
       Potion            |       |       |     1 |       |     4 |    20 |     4 |     1 ||    30
 Stab: Sleeping          |     1 |       |       |       |       |       |       |       ||     1
       Distracted        |       |       |       |       |       |     1 |     1 |     2 ||     4
       Petrified         |       |       |       |       |       |     3 |       |       ||     3
       Petrifying        |       |       |       |       |       |     1 |       |       ||     1
Armor: Animal skin       |    19 |     2 |       |       |       |       |       |       ||    21
       Ring mail         |       |    33 |       |       |       |   139 |       |       ||   172
       Scale mail        |       |     1 |    61 |     1 |       |       |       |       ||    63
       Plate armour      |       |       |       |   142 |       |   527 |   380 |   368 ||  1417
       Chain mail        |       |       |       |   107 |   313 |   103 |       |       ||   523
Dodge: Dodged            |    42 |    76 |    60 |   314 |   458 |  1009 |   545 |   599 ||  3103
Block: Buckler           |       |       |       |       |       |    22 |       |       ||    22
